 Dungeon Crawl Stone Soup version 0.28-a0-1510-gd0f6b136d3 (webtiles) character file.

Game seed: 9477041243752953419

46 wotkd0121004 the Sneak (level 3, 0/21 HPs)
             Began as an Octopode Earth Elementalist on Jan 15, 2022.
             Slain by a river rat (3 damage)
             ... on level 3 of the Dungeon.
             The game lasted 00:03:22 (2656 turns).

wotkd0121004 the Sneak (OpEE)                       Turns: 2656, Time: 00:03:23

Health: 0/21       AC:  1    Str:  7    XL:     3   Next: 66%
Magic:  14/16      EV: 13    Int: 19    God:
Gold:   104        SH:  0    Dex: 12    Spells: 6/7 levels left

rFire   . . .      SeeInvis .   e - +0 spear
rCold   . . .      Faith    .   (no shield)
rNeg    . . .      Spirit   .   (helmet restricted)
rPois   .          Reflect  .   (no amulet)
rElec   .          Harm     .   f - ring of wizardry
rCorr   .          Rampage  .   h - ring of magical power
Will    .....                   (no ring)
Stlth   +++.......              (no ring)
HPRegen 0.07/turn               (no ring)
MPRegen 0.15/turn               (no ring)
                                (no ring)
                                (no ring)

@: lethally poisoned (0 -> -2), about to teleport, weak-willed
A: almost no armour, amphibious, 8 rings, camouflage 1, gelatinous body 1,
(nimble swimmer 1), tentacles
a: no special abilities


You were on level 3 of the Dungeon.
You visited 1 branch of the dungeon, and saw 3 of its levels.

You collected 104 gold pieces.

Inventory:

Hand Weapons
 e - a +0 spear (weapon)
Missiles
 b - 50 stones
Jewellery
 f - a ring of wizardry (left tentacle)
 h - a ring of magical power (right tentacle)
Scrolls
 a - a scroll of teleportation
 c - 2 scrolls of identify {unknown}
 d - a scroll of vulnerability
 g - a scroll of noise {unknown}


   Skills:
 + Level 2.3 Dodging
 + Level 3.3 Stealth
 * Level 2.6 Spellcasting
 + Level 1.5 Transmutations
 + Level 3.2 Earth Magic


You had 6 spell levels left.
You knew the following spells:

 Your Spells              Type           Power      Damage    Failure   Level
a - Sandblast             Erth           30%        2d9       1%          1

Your spell library contained the following spells:

 Spells                   Type           Power      Damage    Failure   Level
 Passwall                 Tmut/Erth      9%         N/A       3%          2
 Stone Arrow              Conj/Erth      16%        3d8       10%         3
 Petrify                  Tmut/Erth      11%        N/A       22%         4


Dungeon Overview and Level Annotations

Branches:
Dungeon (3/15)

Altars:


Innate Abilities, Weirdness & Mutations

You cannot wear most types of armour.
You are amphibious.
You can wear up to eight rings at the same time.
Your skin changes colour to match your surroundings (Stealth+).
Your rubbery body absorbs attacks. (AC +1, EV +1)
((You are camouflaged when in or above water. (Stealth+)))
You have tentacles for arms and can constrict up to eight enemies at once.


Message History

Casting: Sandblast (safe; 1% risk of failure)
Confirm with . or Enter, or press ? or * to list all spells.
You can't see any susceptible monsters within range! (Use Z to cast anyway.) Unknown command.
The orc shouts!
An adder and 2 river rats come into view.
You hear the quick rusting of a drain very nearby.
An orc wizard comes into view.
It is wielding a +0 dagger of holy wrath.
The adder bites you. The river rat bites you. The adder bites you.
The adder misses you.
Found a scroll labelled QIMEITS REGGEA.
Casting: Sandblast (safe; 1% risk of failure)
Confirm with . or Enter, or press ? or * to list all spells.
Aiming: Sandblast (safe; 1% risk of failure)
Press: ? - help, Shift-Dir - straight line, f - adder
Aim: an adder (66% to hit)
The blast of sand misses the adder.
The river rat bites you. The adder bites you.
You are poisoned.
The adder poisons you!
Casting: Sandblast (safe; 1% risk of failure)
Confirm with . or Enter, or press ? or * to list all spells.
Aiming: Sandblast (safe; 1% risk of failure)
Press: ? - help, Shift-Dir - straight line, f/p - adder
Aim: an adder (66% to hit)
The blast of sand hits the adder!
The adder is severely wounded.
You feel sick. The adder misses you. The river rat bites you!
* * * LOW HITPOINT WARNING * * *
As you read the scroll labelled CARHIE PEUWY, it crumbles to dust.
Magic quickly surges around you.
It was a scroll of vulnerability.
* * * LOW HITPOINT WARNING * * *
You feel sick. The adder closely misses you. The river rat misses you.
The adder misses you.
You aren't carrying any potions.
As you read the scroll labelled WIFRYU WUGI, it crumbles to dust.
You feel strangely unstable.
It was a scroll of teleportation.
* * * LOW HITPOINT WARNING * * *
You feel sick. The river rat bites you.
You die...

##...# #....# .# #
##...#..#.
#≈#########........
≈≈≈≈≈≈≈≈....#..#.
.####≈#≈#≈≈......o.o
...≈≈≈≈≈.≈..........
#....≈rSr...........
.......@o....######.
.....##..###.# ....
...# #.# ... ....#
.. ##.... ..# ......
.#...## #.#?#


You could see an adder (weak-willed), 2 river rats and an orc (weak-willed).

Vanquished Creatures
  3 dart slugs
  An orc (D:3)
  3 endoplasms
  3 giant cockroaches
  A goblin (D:2)
  A hobgoblin (D:1)
  7 kobolds
  5 quokkas
  3 ball pythons
  6 bats
  A frilled lizard (D:1)
  2 rats
36 creatures vanquished.

Notes
Turn   | Place    | Note
-------+----------+-------------------------------------------
     0 | D:1      | wotkd0121004 the Octopode Earth Elementalist began the
                  | quest for the Orb.
     0 | D:1      | Reached XP level 1. HP: 11/11 MP: 3/3
   532 | D:1      | Reached XP level 2. HP: 16/17 MP: 0/5
  1091 | D:2      | Reached XP level 3. HP: 21/21 MP: 3/6
  2017 | D:2      | Found a faded altar of an unknown god.
  2656 | D:3      | Slain by a river rat

Illustrated notes

Levels and vault maps discovered:
D:1:      dpeg_arrival_rooms_b, layout_basic
D:2:      layout_basic, shapermc_ecumenical_altar_mp_vishouse
D:3:      minmay_diamond_boxcup, layout_basic, lightli_sewer_entry_pipes,
          interstate_on_off, serial_park_tiny_2, chequers_avenue

Skill      XL: |  1  2 |
---------------+-------+-----
Stealth        | 3 |  3.3
Dodging        | |  2.3
Spellcasting   | |  2.6
Transmutations | |  1.5
Earth Magic    | |  3.2

Action                   || total
-------------------------++-------
Melee: Unarmed           ||    10
       Constrict         ||     3
       Spear             ||    16
       Tentacles         ||     3
 Cast: Sandblast         ||    45
  Use: Scroll            ||     2
 Stab: Sleeping          ||     5
Armor: Skin              ||     3
Dodge: Dodged            ||    25

Table legend: (Time is in decaauts)
 A = Elapsed time spent in this place.
 B = Non-inter-level travel time spent in this place.
 C = Inter-level travel time spent in this place.
 D = Time resting spent in this place.
 E = Time spent auto-exploring this place.
 F = Levels seen in this place.
 G = Mean time per level.
                   A        B        C        D        E       F      G
               +--------+--------+--------+--------+--------+-----+--------+
         Total |   2655 |   2614 |     41 |      0 |   2298 |   3 |  885.0 |
       Dungeon |   2655 |   2614 |     41 |      0 |   2298 |   3 |  885.0 |
               +--------+--------+--------+--------+--------+-----+--------+

Top non-repeatable levels by time:
     D:1: 1059 daAuts
     D:2: 977 daAuts
     D:3: 618 daAuts
